 Dungeon Crawl Stone Soup version 0.24-a0-487-g57318f2ed0 (webtiles) character file.

Game seed: 9759079998700223244

429 RedPan the Ruffian (level 6, 0/44 HPs)
             Began as a Demonspawn Gladiator on July 11, 2019.
             Slain by a hound (3 damage)
             ... on level 4 of the Dungeon.
             The game lasted 00:11:01 (4003 turns).

RedPan the Ruffian (Demonspawn Gladiator)           Turns: 4003, Time: 00:11:01

Health: 0/44       AC:  9    Str: 16    XL:     6   Next: 66%
Magic:  6/6        EV: 12    Int: 10    God:
Gold:   93         SH:  0    Dex: 14    Spells: 5/5 levels left

rFire    x . .     SeeInvis .   i - +3 short sword (venom)
rCold    + . .     Gourm    +   (no shield)
rNeg     . . .     Faith    .   b - +0 leather armour
rPois    .         Spirit   .   c - +1 helmet
rElec    .         Reflect  .   (no cloak)
rCorr    .         Harm     .   (no gloves)
MR       .....                  k - +1 pair of boots
Stlth    +.........             j - amulet of the gourmand
HPRegen  0.14/turn              (no ring)
MPRegen  0.10/turn              n - ring of ice

@: no status effects
A: claws 1, molten scales 1
a: no special abilities


You were on level 4 of the Dungeon.
You were full.

You visited 1 branch of the dungeon, and saw 5 of its levels.

You collected 162 gold pieces.
You spent 69 gold pieces at shops.

Inventory:

Hand Weapons
 a - a +0 flail
 e - a +1 dagger of flaming
 i - a +3 short sword of venom (weapon)
Missiles
 d - 3 throwing nets (quivered)
Armour
 b - a +0 leather armour (worn)
 c - a +1 helmet (worn)
 k - a +1 pair of boots (worn)
Jewellery
 h - a -2 ring of dexterity
 j - an amulet of the gourmand (around neck)
 n - a ring of ice (right claw)
Scrolls
 g - 3 scrolls of identify
Potions
 l - a potion of heal wounds
 m - a potion of curing
 r - a potion of magic
Comestibles
 f - 5 rations


   Skills:
 - Level 2.0 Fighting
 - Level 3.3 Maces & Flails
 - Level 1.7 Throwing
 - Level 2.6 Dodging
 + Level 5.9 Unarmed Combat


You had 5 spell levels left.
You didn't know any spells.
Your spell library was empty.

Dungeon Overview and Level Annotations

Branches:
Dungeon (5/15)
 Temple: D:4-7

Altars:
Nemelex Xobeh
Vehumet

Shops:
D:5 =*

Annotations:
D:4 Blork the orc


Innate Abilities, Weirdness & Mutations

You have sharp fingernails.
You are partially covered in molten scales. (AC +2)


Message History

A centaur zombie comes into view.
Found 10 gold pieces.
Found an escape hatch in the floor.
There is a stone staircase leading up here.
The jackal bites you but does no damage.
Something hits you!
Deactivating autopickup; reactivate with Ctrl-A.
You climb upwards.
Level annotation: Blork the orc Reactivating autopickup.
The hound misses you. The hound bites you.
There is a stone staircase leading down, spattered with blood here.
You barely miss the hound. Something hits you.
Deactivating autopickup; reactivate with Ctrl-A.
The hound bites you.
* * * LOW HITPOINT WARNING * * *
You barely miss the hound. The hound bites you but does no damage.
Something hits you!
* * * LOW HITPOINT WARNING * * *
The hound bites you.
You die...

#.....#.......#... ####
#......_....... ....#
#..#.......#... .....
####..#.......#...
......#.†...##.....##...
......#.###§####.####...
.....§.h%§§§..........##
.....[#.####............
.....Zh@# ...........
......### ##.........
...(# #.#.#.##.. .##
...# ... ..


You could see a hound, a jackal and a jackal skeleton.

Vanquished Creatures
  Purgy (D:4)
  A phantom (D:4)
  A bullfrog (D:5)
  A scorpion (D:4)
  A worker ant (D:5)
  3 adders
  3 oozes
  An adder skeleton (D:5)
  2 worms (D:4)
  3 leopard geckos
  An orc (D:5)
  7 giant cockroaches
  6 goblins
  8 hobgoblins
  7 jackals
  8 kobolds
  A quokka (D:3)
  4 bats
  A frilled lizard (D:2)
  A leopard gecko zombie (D:4)
  5 rats
66 creatures vanquished.

Notes
Turn   | Place    | Note
-------+----------+-------------------------------------------
     0 | D:1      | RedPan the Demonspawn Gladiator began the quest for the
                  | Orb.
     0 | D:1      | Reached XP level 1. HP: 16/16 MP: 1/1
    62 | D:1      | Gained mutation: You have sharp fingernails. [demonic
                  | ancestry]
    62 | D:1      | Reached XP level 2. HP: 22/22 MP: 2/2
   435 | D:1      | Reached skill level 1 in Unarmed Combat
  1048 | D:1      | Reached XP level 3. HP: 22/27 MP: 3/3
  1774 | D:2      | Reached skill level 2 in Unarmed Combat
  2463 | D:2      | Reached XP level 4. HP: 28/33 MP: 4/4
  2816 | D:3      | Found a sparkling altar of Nemelex Xobeh.
  2835 | D:3      | Reached skill level 3 in Unarmed Combat
  3010 | D:3      | You fall into a shaft and drop 2 floors!
  3010 | D:5      | Entered Level 5 of the Dungeon
  3010 | D:5      | Found Beqico's Jewellery Shoppe.
  3067 | D:5      | Noticed a phantom
  3088 | D:5      | Noticed a bullfrog
  3102 | D:5      | Killed a bullfrog
  3102 | D:5      | Reached skill level 4 in Unarmed Combat
  3102 | D:5      | Gained mutation: You are partially covered in molten
                  | scales. (AC +2) [demonic ancestry]
  3102 | D:5      | Reached XP level 5. HP: 23/38 MP: 5/5
  3169 | D:5      | Found Duyr Jurgh's Assorted Antiques.
  3172 | D:5      | Bought a bubbling sapphire potion for 22 gold pieces
  3172 | D:5      | Bought a black potion for 22 gold pieces
  3172 | D:5      | Bought a scroll labeled YGAZIBR KISSU for 25 gold pieces
  3635 | D:4      | Found a radiant altar of Vehumet.
  3635 | D:4      | Noticed a phantom
  3665 | D:4      | Killed a phantom
  3665 | D:4      | Reached skill level 5 in Unarmed Combat
  3665 | D:4      | Reached XP level 6. HP: 18/44 MP: 6/6
  3849 | D:4      | Noticed Purgy
  3883 | D:4      | Killed Purgy
  3972 | D:4      | Noticed Blork the orc
  4003 | D:4      | Slain by a hound

Levels and vault maps discovered:
D:1:      roderic_octagonal_star, layout_basic
D:2:      layout_loops_ring
D:3:      layout_basic, xom_teletrap_fun, nemelex_xobeh_ov_fountains_minmay,
          serial_rivers, chequers_serial_rivers_room_b,
          chequers_serial_rivers_room_b, chequers_serial_rivers_room_b,
          chequers_serial_rivers_micro_e, chequers_serial_rivers_micro_a,
          chequers_serial_rivers_micro_c
D:4:      layout_rooms, old_standard_altar, minmay_temple_entry_purple_smoke,
          uniq_blork_the_orc, uniq_purgy
D:5:      layout_cave_pools, grunt_temple_overflow_open, first_ration,
          serial_shops, shop, shop, kennysheep_mini_moat, shop_statue, shop,
          uniq_crazy_yiuf_cottage

Skill      XL: |  1  2  3  4  5 |
---------------+----------------+-----
Maces & Flails | 3 |  3.3
Unarmed Combat | 1 2 4 5 |  5.9
Fighting       | |  2.0
Throwing       | |  1.7
Dodging        | |  2.6

Action                   |  1- 3 |  4- 6 || total
-------------------------+-------+-------++-------
Melee: Flail             |    15 |       ||    15
       Unarmed           |   147 |   122 ||   269
       Punch             |     1 |     2 ||     3
       Short sword       |       |    51 ||    51
  Use: Scroll            |     3 |     6 ||     9
       Potion            |       |     3 ||     3
 Stab: Sleeping          |       |     3 ||     3
  Eat: Chunk             |     9 |     6 ||    15
Armor: Leather armour    |    57 |    80 ||   137
Dodge: Dodged            |    92 |   117 ||   209

Table legend:
 A = Non-vault XP
 B = Vault XP
 C = Vault XP percentage of total XP
 D = Non-vault monster count
 E = Vault monster count
 F = Vault count percentage of total count
                 A         B        C        D         E       F
            +---------+---------+-------+---------+---------+-------
      Total |     480 |     134 |  21.8 |      65 |       1 |   1.5
            +---------+---------+-------+---------+---------+-------
        D:1 |      43 |       0 |   0.0 |      21 |       0 |   0.0
        D:2 |      71 |       0 |   0.0 |      24 |       0 |   0.0
        D:3 |      29 |       0 |   0.0 |       7 |       0 |   0.0
        D:4 |     210 |     134 |  39.0 |       8 |       1 |  11.1
        D:5 |     127 |       0 |   0.0 |       5 |       0 |   0.0
            +---------+---------+-------+---------+---------+-------
